 Dungeon Crawl Stone Soup version 0.30-a0-389-g8d7d949f56 (webtiles) character file.

Game seed: 8139244946101645647

43 spardeous the Scratcher (level 3, -1/15 HPs)
             Began as a Felid Transmuter on Dec 4, 2022.
             Killed by miscasting Spider Form (9 damage)
             ... on level 3 of the Dungeon.
             The game lasted 00:03:03 (1305 turns).

spardeous the Scratcher (Felid Transmuter)          Turns: 1305, Time: 00:03:04

Health: -1/15      AC:  1    Str:  6    XL:     3   Next: 37%
Magic:  0/7        EV: 18    Int: 14    God:
Gold:   105        SH:  0    Dex: 18    Spells: 2/6 levels left
                                        Lives:  0   Deaths: 0

rFire   . . .      SeeInvis +      - Unarmed
rCold   . . .      Faith    .    (shield unavailable)
rNeg    . . .      Spirit   .    (body armour unavailable)
rPois   .          Reflect  .    (helmet unavailable)
rElec   .          Harm     .    (cloak unavailable)
rCorr   .          Rampage  .    (gloves unavailable)
Will    .....                    (boots unavailable)
Stlth   ++........               (no amulet)
HPRegen 0.22/turn                (no ring)
MPRegen 0.10/turn                (no ring)

@: lethally poisoned (-1 -> -6), very slightly contaminated, quick
A: very small, claws 1, fangs 3, see invisible, speed 1, shaggy fur 1, stealthy
paws, no weapons or thrown items, no armour, multi-lived
a: no special abilities


You were on level 3 of the Dungeon.
You visited 1 branch of the dungeon, and saw 3 of its levels.

You collected 105 gold pieces.

Inventory:

Scrolls
 b - 2 scrolls of vulnerability {unknown}
 d - 5 scrolls of identify {unknown}
 f - a scroll of blinking {unknown}
 g - a scroll of fear {unknown}
 h - a scroll of fog {unknown}
Potions
 a - a potion of lignification
 c - a potion of might {unknown}
 e - a potion of haste {unknown}
 i - a potion of resistance {unknown}


   Skills:
 - Level 1.0 Fighting
 + Level 3.4 Dodging
 - Level 2.0 Stealth
 + Level 3.4 Unarmed Combat
 - Level 2.0 Spellcasting
 + Level 2.8 Transmutations


You had 2 spell levels left.
You knew the following spells:

 Your Spells              Type           Power      Damage    Failure   Level
a - Beastly Appendage     Tmut           18%        N/A       8%          1
b - Spider Form           Tmut/Pois      5%         N/A       36%         3

Your spell library contained the following spells:

 Spells                   Type           Power      Damage    Failure   Level
 Wereblood                Tmut           9%         N/A       11%         2
 Foxfire                  Conj/Fire      4%         2x1d4     24%         1
 Necrotise                Necr           4%         1d4       24%         1
 Static Discharge         Conj/Air       2%         2-3/arc   34%         2
 Vampiric Draining        Necr           1%         2d6       56%         3
 Vhi's Electric Charge    Tloc/Air       2%         N/A       56%         3
 Ice Form                 Ice/Tmut       5%         N/A       78%         4
 Agony                    Necr           1%         N/A       100%        5
 Arcjolt                  Conj/Air       0%         1d10      100%        5
 Fireball                 Conj/Fire      0%         3d3       100%        5
 Lightning Bolt           Conj/Air       0%         1d11      100%        5
 Starburst                Conj/Fire      0%         6d3       100%        6


Dungeon Overview and Level Annotations

Branches:
Dungeon (3/15)

Altars:

Annotations:
D:2 Natasha


Innate Abilities, Weirdness & Mutations

You have sharp claws.
You have razor-sharp teeth.
You have supernaturally acute eyesight. (SInv)
You cover ground quickly. (Speed+)
You are covered in fur. (AC +1)
Your paws help you pounce on unaware monsters.
You are incapable of wielding weapons or throwing items.
You cannot wear armour.
You gain extra lives every three experience levels.


Message History

You turn into a venomous arachnid creature.
Your transformation is almost over.
You see here a frilled lizard corpse.
Your transformation has ended.
The adder hisses angrily.
You see here a +0 war axe.
You see here a frilled lizard corpse.
Casting: Spider Form (astonishingly dangerous; 36% risk of failure)
Confirm with . or Enter, or press ? or * to list all spells.
The spell is astonishingly dangerous to miscast (36% risk of failure)!
Continue anyway?
You miscast Spider Form.
You are very lightly contaminated with residual magic.
Nothing appears to happen.
Your magical contamination has completely faded away.
There is a stone staircase leading up here.
You climb upwards.
Level annotation: Natasha Natasha hisses angrily.
There is a stone staircase leading down here.
Natasha is nearby!
There is an open door here.
Natasha stares at you and mumbles some strange words.
The magic dart hits you!
There is a stone staircase leading down here.
You climb downwards.
The adder completely misses you.
There is a stone staircase leading up here.
The adder bites you.
There is a stone staircase leading down here.
Casting: Spider Form (astonishingly dangerous; 36% risk of failure)
Confirm with . or Enter, or press ? or * to list all spells.
Okay, then.
Casting: Spider Form (astonishingly dangerous; 36% risk of failure)
Confirm with . or Enter, or press ? or * to list all spells.
The spell is astonishingly dangerous to miscast (36% risk of failure)!
Continue anyway?
You miscast Spider Form.
You are very lightly contaminated with residual magic.
You feel rather nauseous for a moment!
You are poisoned.
Ouch! That really hurt!
You die...

#...................
#.....S..S..........
#...)†#####.........
#....##...##........
#...##♣.<.♣#######..
#...#.......# .
###.......♣.<.#
#.....#...S...#
#.#...##♣.@.♣##
...#....##...# ...
########### ...


You could see an adder.

Vanquished Creatures
  An adder (D:3)
  A dart slug (D:1)
  An orc (D:3)
  2 bats (D:3)
  An endoplasm (D:1)
  3 giant cockroaches
  5 goblins
  2 hobgoblins (D:2)
  2 quokkas (D:1)
  3 ball pythons
  3 frilled lizards
  2 kobolds
  4 rats
30 creatures vanquished.

Notes
Turn   | Place    | Note
-------+----------+-------------------------------------------
     0 | D:1      | spardeous the Felid Transmuter began the quest for the Orb.
     0 | D:1      | Reached XP level 1. HP: 9/9 MP: 4/4
   132 | D:1      | Reached skill level 1 in Stealth
   166 | D:1      | Reached XP level 2. HP: 11/12 MP: 4/6
   554 | D:2      | Found a faded altar of an unknown god.
   779 | D:2      | Identified the +8 short sword "Jellyslayer" {venom, rPois
                  | Dex+2}
  1038 | D:2      | Noticed Natasha
  1061 | D:2      | Reached XP level 3. HP: 15/15 MP: 5/7
  1066 | D:2      | Learned a level 3 spell: Spider Form
  1305 | D:3      | Killed by miscasting Spider Form

Illustrated notes

Levels and vault maps discovered:
D:1:      dpeg_arrival_tiny_g, layout_rooms
D:2:      layout_loops_corners, shapermc_ecumenical_altar_venn, uniq_natasha
D:3:      layout_rooms, mainiacjoe_overflow_alcove_1, hex_medium,
          grunt_ministairs_7

Skill      XL: |  1  2  3 |
---------------+----------+-----
Stealth        | 1 2 |  2.0
Dodging        | 3 |  3.4
Fighting       | |  1.0
Unarmed Combat | |  3.4
Spellcasting   | |  2.0
Transmutations | |  2.8

Action                   || total
-------------------------++-------
Melee: Unarmed           ||    73
       Headbutt          ||    10
       Bite              ||     6
       Punch             ||     1
 Cast: Beastly Appendage ||    22
       Spider Form       ||     2
 Stab: Sleeping          ||     5
Armor: Skin              ||     3
Dodge: Dodged            ||    56

Table legend: (Time is in decaauts)
 A = Elapsed time spent in this place.
 B = Non-inter-level travel time spent in this place.
 C = Inter-level travel time spent in this place.
 D = Time resting spent in this place.
 E = Time spent auto-exploring this place.
 F = Levels seen in this place.
 G = Mean time per level.
                   A        B        C        D        E       F      G
               +--------+--------+--------+--------+--------+-----+--------+
         Total |   1134 |   1129 |      5 |     68 |    745 |   3 |  378.0 |
       Dungeon |   1134 |   1129 |      5 |     68 |    745 |   3 |  378.0 |
               +--------+--------+--------+--------+--------+-----+--------+

Top non-repeatable levels by time:
     D:2: 479 daAuts
     D:1: 459 daAuts
     D:3: 194 daAuts
